 Dungeon Crawl Stone Soup version 0.32-a0-12-g7fc57aa741 (webtiles) character file.

Game seed: 3153573491718884765

224 hikkokomori the Chiller (level 6, 0/50 HPs)
             Began as a Gnoll Wanderer on Jan 15, 2024.
             Was an Elder of Jiyva.
             Slain by a water moccasin (8 damage)
             ... on level 4 of the Dungeon.
             The game lasted 00:07:02 (2342 turns).

hikkokomori the Chiller (Gnoll Wanderer)            Turns: 2342, Time: 00:07:03

Health: 0/50       AC:  2    Str:  8    XL:     6   Next: 0%
Magic:  11/11      EV: 17    Int: 13    God:    Jiyva [****..]
Gold:   90         SH:  0    Dex: 19    Spells: 6/11 levels left

rFire   + . .        s - +0 whip (venom)
rCold   + . .        (no shield)
rNeg    . . .        c - +0 robe
rPois   .            (no helmet)
rElec   .            m - scarf {rC+ rF+}
rCorr   +            (no gloves)
SInv    .            (no boots)
Will    .....        (no amulet)
Stlth   ++           h - +5 ring of evasion
HPRegen 1.56/turn    (no ring)
MPRegen 0.76/turn

%: no passive effects
@: lethally poisoned (0 -> -1)
A: fangs 1, strong nose, distributed training, agile 2, acidic bite, jelly
sensing items
a: Renounce Religion, Oozemancy, Slimify


You were on level 4 of the Dungeon.
You worshipped Jiyva.
Jiyva was greatly pleased with you.
You visited 1 branch of the dungeon, and saw 5 of its levels.

You collected 90 gold pieces.

Inventory:

Hand Weapons
 a - a +0 dagger
 n - a +0 flail
 s - a +0 whip of venom (weapon)
Missiles
 q - 2 datura-tipped darts (quivered)
Armour
 c - a +0 robe (worn)
 m - a scarf of resistance (worn)
 o - a +0 scale mail
Jewellery
 h - a +5 ring of evasion (left hand)
Scrolls
 d - a scroll of fog
 f - a scroll of enchant weapon {unknown}
 i - a scroll of teleportation {unknown}
 k - a scroll of noise {unknown}
 r - a scroll of vulnerability {unknown}
 t - a scroll of blinking {unknown}
 u - a scroll of enchant armour {unknown}
Potions
 b - 2 potions of attraction
 e - 2 potions of enlightenment {unknown}
 g - 2 potions of lignification {unknown}
 j - 2 potions of magic
 l - a potion of curing {unknown}
 p - a potion of cancellation {unknown}
 v - a potion of brilliance {unknown}


   Skills:
 + Level 4.9 Fighting
 + Level 1.8 Short Blades
 + Level 1.8 Long Blades
 + Level 1.8 Axes
 + Level 1.8 Maces & Flails
 + Level 1.8 Polearms
 + Level 1.8 Staves
 + Level 1.8 Ranged Weapons
 + Level 1.8 Throwing
 + Level 1.8 Armour
 + Level 1.8 Dodging
 + Level 1.8 Stealth
 + Level 1.8 Shields
 + Level 1.8 Unarmed Combat
 + Level 3.3 Spellcasting
 + Level 1.4 Conjurations
 + Level 1.4 Hexes
 + Level 5.6 Summonings
 + Level 1.4 Necromancy
 + Level 1.4 Translocations
 + Level 1.4 Fire Magic
 + Level 7.2 Ice Magic
 + Level 1.4 Air Magic
 + Level 1.4 Earth Magic
 + Level 1.4 Alchemy
 + Level 2.0 Invocations
 + Level 1.8 Evocations
 + Level 1.6 Shapeshifting


You had 6 spell levels left.
You knew the following spells:

 Your Spells              Type           Power      Damage    Failure   Level
a - Freeze                Ice            84%        1d9       1%          1
b - Summon Small Mammal   Summ           64%        N/A       2%          1
c - Summon Ice Beast      Ice/Summ       18%        N/A       4%          3

Your spell library contained the following spells:

 Spells                   Type           Power      Damage    Failure   Level
 Sandblast                Erth           10%        2d5       12%         1
 Passwall                 Erth           5%         N/A       36%         3
 Stone Arrow              Conj/Erth      10%        3d7       36%         3
 Summon Lightning Spire   Summ/Air       11%        N/A       45%         4
 Brom's Barrelling Bould  Conj/Erth      5%         2d3       77%         4


Dungeon Overview and Level Annotations

Branches:
Dungeon (5/15)
 Temple: D:4-7

Altars:
Jiyva

Shops:
D:2 :


Innate Abilities, Weirdness & Mutations

You have very sharp teeth.
Your uncanny sense of smell can sniff out nearby items.
Your experience applies equally to all skills.
You are very agile. (Dex +8, Str/Int -2)
You have acidic saliva.
You have a small jelly attached to you that senses nearby items.


Message History

Unknown command.
You miss the water moccasin.
The water moccasin is lightly wounded.
Your bat closely misses the water moccasin.
The water moccasin bites you!
You are poisoned.
The water moccasin poisons you! Something hits your ice beast!!
Your ice beast dies!
Your ice beast disappears in a puff of smoke!
Your rat misses the water moccasin.
The hound barks!
You closely miss the water moccasin. You bite the water moccasin.
The acid corrodes the water moccasin!
The water moccasin is lightly wounded.
You feel very sick.
Your bat hits the water moccasin. The water moccasin barely misses you.
The hound misses your bat.
Your rat bites the water moccasin.
The water moccasin bites you!
Unknown command.
You feel very sick.
Your bat misses the water moccasin.
Your rat bites the water moccasin.
Unknown command.
You feel sick.
Your bat hits the water moccasin. The hound barely misses your rat.
The water moccasin attacks as it pursues you!
The water moccasin bites you!
* * * LOW HITPOINT WARNING * * *
The hound bites your rat.
Your rat dies!
Your rat's corpse disappears in a puff of smoke!
You feel sick.
Your bat hits the water moccasin. The water moccasin bites you!
* * * LOW HITPOINT WARNING * * *
There is a stone staircase leading up, spattered with blood here.
Unknown command.
You feel sick.
Your bat hits the water moccasin. The water moccasin misses you.
You climb upwards.
You feel sick.
There is a stone staircase leading down here.
It was a potion of magic.
Magic courses through your body.
You feel sick. The water moccasin barely misses you.
The water moccasin bites you!
You die...

##..##......###....###.#...####
###............###..#.........#..
#...#...........#................
#...#..........##.##..<..........
#..##...................###.<....
##..#...##...................##..
.#..#...###........#.............
##......W#.........#.............
#...............@..#<............
................S.##.........#...
...............#..##.........#...
..###......#...#..###.#..........
...##......##......####..........
...#.......###...................
............#.##..#..............
.................##..............
.............................####


You could see a water moccasin (corroded).

Vanquished Creatures
  2 hounds (D:4)
  An orc wizard (D:4)
  Terence (D:2)
  5 orcs
  A giant cockroach (D:3)
  A goblin (D:4)
  A jackal (D:4)
  2 kobolds
  A quokka (D:2)
  3 ball pythons
  A frilled lizard (D:2)
  A rat (D:2)
20 creatures vanquished.

Vanquished Creatures (collateral kills)
  An orc priest (D:4)
  3 adders
  6 orcs (D:4)
  An endoplasm (D:1)
  A hobgoblin (D:4)
  2 jackals (D:4)
  A kobold (D:1)
  A ball python (D:4)
  A goblin (D:4)
17 creatures vanquished.

Vanquished Creatures (others)
  A phantom (D:4)
  A jelly (D:3)
  A bombardier beetle (D:4)
  3 gnolls (D:3)
  An endoplasm (D:3)
  An orc (D:3)
  A goblin (D:2)
  A hobgoblin (D:1)
  2 quokkas (D:3)
  A bat (D:2)
  3 rats
16 creatures vanquished.

Grand Total: 53 creatures vanquished

Notes
Turn   | Place    | Note
-------+----------+-------------------------------------------
     0 | D:1      | hikkokomori the Gnoll Wanderer began the quest for the Orb.
     0 | D:1      | hikkokomori set off with the following items: a +0 dagger,
                  | a potion of attraction, a +0 robe, a scroll of fog; and the
                  | following spells available to memorise: Freeze, Summon
                  | Small Mammal, Summon Ice Beast, Summon Lightning Spire.
     0 | D:1      | Reached XP level 1. HP: 20/20 MP: 4/4
     2 | D:1      | Learned a level 1 spell: Freeze
     4 | D:1      | Learned a level 1 spell: Summon Small Mammal
    57 | D:1      | Found a faded altar of an unknown god.
    84 | D:1      | Prayed at the altar of an unknown god.
    84 | D:1      | Became a worshipper of Jiyva Joshi the Shapeless
    84 | D:1      | Reached * piety under Jiyva
   539 | D:2      | Reached ** piety under Jiyva
   713 | D:2      | Noticed Terence
   780 | D:2      | Killed Terence
   781 | D:2      | Reached XP level 2. HP: 23/26 MP: 5/5
   781 | D:2      | Reached XP level 3. HP: 27/31 MP: 7/7
   972 | D:2      | Reached *** piety under Jiyva
  1060 | D:2      | Found Jeruafid's Book Boutique.
  1268 | D:3      | Gained mutation: You have acidic saliva. [Jiyva's grace]
  1268 | D:3      | Gained mutation: You have a small jelly attached to you
                  | that senses nearby items. [Jiyva's grace]
  1268 | D:3      | Gained mutation: You are agile. (Dex +4, Str/Int -1)
                  | [Jiyva's grace]
  1268 | D:3      | Gained mutation: You are very agile. (Dex +8, Str/Int -2)
                  | [Jiyva's grace]
  1346 | D:3      | Reached skill level 1 in Invocations
  1357 | D:3      | Learned a level 3 spell: Summon Ice Beast
  1399 | D:3      | Reached skill level 1 in Short Blades
  1399 | D:3      | Reached skill level 1 in Long Blades
  1399 | D:3      | Reached skill level 1 in Axes
  1399 | D:3      | Reached skill level 1 in Maces & Flails
  1399 | D:3      | Reached skill level 1 in Polearms
  1399 | D:3      | Reached skill level 1 in Staves
  1399 | D:3      | Reached skill level 1 in Ranged Weapons
  1399 | D:3      | Reached skill level 1 in Throwing
  1399 | D:3      | Reached skill level 1 in Armour
  1399 | D:3      | Reached skill level 1 in Dodging
  1399 | D:3      | Reached skill level 1 in Stealth
  1399 | D:3      | Reached skill level 1 in Shields
  1399 | D:3      | Reached skill level 1 in Unarmed Combat
  1399 | D:3      | Reached skill level 1 in Evocations
  1708 | D:4      | Reached skill level 1 in Shapeshifting
  1708 | D:4      | Reached XP level 4. HP: 36/38 MP: 6/8
  1776 | D:4      | Reached **** piety under Jiyva
  1913 | D:4      | Reached skill level 1 in Conjurations
  1913 | D:4      | Reached skill level 1 in Hexes
  1913 | D:4      | Reached skill level 1 in Necromancy
  1913 | D:4      | Reached skill level 1 in Translocations
  1913 | D:4      | Reached skill level 1 in Fire Magic
  1913 | D:4      | Reached skill level 1 in Air Magic
  1913 | D:4      | Reached skill level 1 in Earth Magic
  1913 | D:4      | Reached skill level 1 in Alchemy
  1933 | D:4      | Reached XP level 5. HP: 43/43 MP: 9/9
  2125 | D:4      | Noticed a phantom
  2192 | D:4      | Killed a phantom
  2193 | D:4      | Reached XP level 6. HP: 45/50 MP: 9/11
  2231 | D:5      | Entered Level 5 of the Dungeon
  2320 | D:5      | Noticed a water moccasin
  2342 | D:4      | Slain by a water moccasin

Illustrated notes

Levels and vault maps discovered:
D:1:      dpeg_arrival_solitude, layout_rooms,
          hellmonk_ecumenical_altar_pennies_from_heaven
D:2:      layout_basic, serial_shops, nicolae_shop_back_alley_shop, uniq_terence
D:3:      layout_basic
D:4:      layout_cave_pools
D:5:      layout_cave_pools, nicolae_shop_i_like_small_books_too

Skill      XL: |  1  2  3  4  5 |
---------------+----------------+-----
Invocations    | 1 2 |  2.0
Short Blades   | 1 |  1.8
Long Blades    | 1 |  1.8
Axes           | 1 |  1.8
Maces & Flails | 1 |  1.8
Polearms       | 1 |  1.8
Staves         | 1 |  1.8
Ranged Weapons | 1 |  1.8
Throwing       | 1 |  1.8
Armour         | 1 |  1.8
Dodging        | 1 |  1.8
Stealth        | 1 |  1.8
Shields        | 1 |  1.8
Unarmed Combat | 1 |  1.8
Evocations     | 1 |  1.8
Shapeshifting  | 1 |  1.6
Spellcasting   | 3 |  3.3
Conjurations   | 1 |  1.4
Hexes          | 1 |  1.4
Necromancy     | 1 |  1.4
Translocations | 1 |  1.4
Fire Magic     | 1 |  1.4
Air Magic      | 1 |  1.4
Earth Magic    | 1 |  1.4
Alchemy        | 1 |  1.4
Fighting       | |  4.9
Summonings     | |  5.6
Ice Magic      | |  7.2

Action                     |  1- 3 |  4- 6 || total
---------------------------+-------+-------++-------
  Melee: Dagger            |    23 |       ||    23
         Flail             |    21 |     8 ||    29
         Punch             |     1 |       ||     1
         Whip              |       |    33 ||    33
         Bite              |       |     6 ||     6
   Cast: Summon Small Mamm |    12 |     4 ||    16
         Freeze            |     2 |       ||     2
         Summon Ice Beast  |     3 |    10 ||    13
    Use: Potion            |       |     1 ||     1
   Stab: Distracted        |     1 |       ||     1
         Sleeping          |     1 |       ||     1
 Armour: Robe              |    16 |    28 ||    44
  Dodge: Dodged            |    43 |    35 ||    78

Table legend: (Time is in decaauts)
 A = Elapsed time spent in this place.
 B = Non-inter-level travel time spent in this place.
 C = Inter-level travel time spent in this place.
 D = Time resting spent in this place.
 E = Time spent auto-exploring this place.
 F = Levels seen in this place.
 G = Mean time per level.
                   A        B        C        D        E       F      G
               +--------+--------+--------+--------+--------+-----+--------+
         Total |   2358 |   2161 |    197 |      0 |   1597 |   5 |  471.6 |
       Dungeon |   2358 |   2161 |    197 |      0 |   1597 |   5 |  471.6 |
               +--------+--------+--------+--------+--------+-----+--------+

Top non-repeatable levels by time:
     D:2: 705 daAuts
     D:4: 549 daAuts
     D:1: 533 daAuts
     D:3: 522 daAuts
     D:5: 48 daAuts
